 Dungeon Crawl Stone Soup version 0.29.0-11-gd7f09526c8 (webtiles) character file.

Game seed: 8489753674845258031

79303 quinnr the Devastator (level 15, -3/90 HPs)
             Began as a Tengu Conjurer on Sept 2, 2022.
             Was a High Priest of Vehumet.
             Killed by divine providence
             ... invoked by a meliai
              (17 damage)
             ... on level 14 of the Dungeon on Sept 3, 2022.
             The game lasted 02:02:34 (49954 turns).

quinnr the Devastator (Tengu Conjurer)             Turns: 49954, Time: 02:02:35

Health: -3/90      AC:  7    Str: 12 (15) XL:     15   Next: 63%
Magic:  16/30      EV: 19    Int: 14 (23) God:    Vehumet [*****.]
Gold:   1118       SH:  5    Dex:  3 (8)  Spells: 4/34 levels left

rFire   + + .      SeeInvis +   V - +6 dagger of Woimock {protect, rPois}
rCold   + . .      Faith    .   L - +2 buckler
rNeg    . . .      Spirit   .   h - +2 robe {rF+}
rPois   +          Reflect  .   O - +2 hat {SInv}
rElec   .          Harm     .   l - scarf {rC+ rF+}
rCorr   .          Rampage  .   H - +0 pair of gloves
Will    +....                   (boots unavailable)
Stlth   +++.......              (no amulet)
HPRegen 0.25/turn               Z - ring of wizardry
MPRegen 0.22/turn               G - ring "Teraplud" {rPois EV+4 Str+3 Dex-5}

@: flying quickly and evasively, quick
A: beak, talons 3, nimble flight, antennae 1, deterioration 2, strong 1,
evolution 2
a: Renounce Religion


You were on level 14 of the Dungeon.
You worshipped Vehumet.
Vehumet was extremely pleased with you.
You visited 4 branches of the dungeon, and saw 22 of its levels.
You also visited: Volcano.

You collected 2098 gold pieces.
You spent 980 gold pieces at shops.


Innate Abilities, Weirdness & Mutations

You have a beak for a mouth.
You have claws for feet.
Your magical nature lets you fly swiftly and evasively.
You have a pair of small antennae on your head.
Your body often deteriorates upon taking damage.
Your muscles are strong. (Str +4, Int/Dex -1)
You have great hidden genetic potential.


   Skills:
 - Level 9.0 Fighting
 + Level 14.8 Dodging
 + Level 7.2 Stealth
 - Level 4.0 Shields
 - Level 10.0 Spellcasting
 + Level 17.3 Conjurations
 - Level 4.0 Translocations
 + Level 8.6 Fire Magic
 + Level 9.7 Evocations


You had 4 spell levels left.
You knew the following spells:

 Your Spells              Type           Power      Damage    Failure   Level
b - Orb of Destruction    Conj           26%        9d9       1%          7
d - Dazzling Flash        Conj/Hex       62%        N/A       1%          3
i - Iskenderun's Battles  Conj           53%        2d10      1%          5
m - Magic Dart            Conj           100%       1d8       0%          1
t - Static Discharge      Conj/Air       31%        3-7/arc   1%          2
y - Sticky Flame          Conj/Fire      43%        2d6       1%          4
X - Iskenderun's Mystic   Conj/Tloc      36%        2d9       1%          4
Y - Flame Wave            Conj/Fire      43%        2d11      1%          4

Your spell library contained the following spells:

 Spells                   Type           Power      Damage    Failure   Level
 Lightning Bolt           Conj/Air       15%        1d29      1%          5
 Searing Ray              Conj           100%       2d8       0%          2
 Scorch                   Fire           62%        2d8       1%          2
 Fulminant Prism          Conj/Hex       15%        3d11      1%          4
 Gell's Gravitas          Tloc           18%        N/A       3%          3
 Teleport Other           Tloc           18%        N/A       3%          3
 Ensorcelled Hibernation  Hex/Ice        14%        N/A       9%          2
 Ozocubu's Armour         Ice            7%         N/A       16%         3
 Spider Form              Tmut/Pois      7%         N/A       16%         3
 Summon Guardian Golem    Hex/Summ       7%         N/A       16%         3
 Anguish                  Hex/Necr       3%         N/A       45%         4
 Animate Dead             Necr           7%         N/A       45%         4
 Iron Shot                Conj/Erth      15%        9d4       7%          6
 Spellforged Servitor     Conj/Summ      15%        N/A       30%         7
 Metabolic Englaciation   Hex/Ice        3%         N/A       78%         5
 Dispersal                Tloc           9%         N/A       80%         6
 Simulacrum               Ice/Necr       3%         N/A       100%        6
 Summon Cactus Giant      Summ           3%         N/A       100%        6
 Haunt                    Necr/Summ      3%         N/A       100%        7
 Infestation              Necr           3%         N/A       100%        8

Inventory:

Hand Weapons
 V - the +6 dagger of Woimock (weapon) {protect, rPois}
   (You bought it in a shop on level 1 of the Dungeon)

   It grants its wielder temporary protection when it strikes (+7 to AC).
   rPois:     It protects you from poison.
Missiles
 F - 11 curare-tipped darts {=f}
Armour
 h - a +2 robe of fire resistance (worn)
 l - a scarf of resistance (worn)
 H - a +0 pair of gloves (worn)
 L - a +2 buckler (worn)
 N - a +1 robe of cold resistance
 O - a +2 hat of see invisible (worn)
Magical Staves
 j - a staff of poison {!a}
 K - a staff of cold {!a}
Jewellery
 d - a +6 ring of dexterity
 p - the amulet of Irchevo {Faith rF+ rN+ Will+}
   (You took it off a centaur warrior on level 14 of the Dungeon)

   [amulet of faith]

   It allows you to gain divine favour quickly.
   rF:        It protects you from fire.
   rN:        It protects you from negative energy.
   Will:      It increases your willpower.
 D - a +6 ring of dexterity
 G - the ring "Teraplud" (right hand) {rPois EV+4 Str+3 Dex-5}
   (You found it on level 13 of the Dungeon)

   [ring of evasion]

   EV:        It affects your evasion (+4).
   Str:       It affects your strength (+3).
   Dex:       It affects your dexterity (-5).
   rPois:     It protects you from poison.
 J - an amulet of guardian spirit
 R - a ring of resist corrosion
 Z - a ring of wizardry (left hand)
Wands
 a - a wand of mindburst (5)
 n - a wand of flame (38)
 y - a wand of charming (17)
 Q - a wand of digging (4)
 S - a wand of roots (7)
Scrolls
 c - 5 scrolls of amnesia
 g - 2 scrolls of brand weapon {unknown}
 o - 2 scrolls of summoning
 q - 4 scrolls of vulnerability
 r - 12 scrolls of teleportation {@r2}
 u - 5 scrolls of butterflies
 x - 6 scrolls of blinking
 z - 3 scrolls of magic mapping
 I - a scroll of immolation
 U - 3 scrolls of enchant weapon
 W - a scroll of fear
 X - a scroll of poison
Potions
 b - 3 potions of magic
 e - 6 potions of curing {@q1}
 f - 2 potions of lignification
 i - 2 potions of heal wounds {@q2}
 k - 3 potions of brilliance
 m - 4 potions of haste {@q3}
 s - 3 potions of flight
 t - a potion of resistance
 B - 3 potions of cancellation
 C - 4 potions of ambrosia
 M - 2 potions of attraction
 P - a potion of berserk rage {!q}
 T - 2 potions of might
Miscellaneous
 w - a lightning rod (3/4)

Dungeon Overview and Level Annotations

Branches:
Dungeon (14/15)            Temple (1/1) D:4            Lair (5/5) D:11
 Shoals (0/4) Lair:3       Spider (0/4) Lair:3        Slime (0/5) Lair:5
    Orc (2/2) D:11            Elf (0/3) Orc:2        Vaults (0/5) D:13
Volcano (visited)

Altars:
Ashenzari
Cheibriados
Dithmenos
Elyvilon
Fedhas
Gozag
Hepliaklqana
Kikubaaqudgha
Makhleb
Nemelex Xobeh
Qazlal
Ru
Sif Muna
Trog
Uskayaw
Vehumet
Wu Jian
Xom
Yredelemnul
Zin
The Shining One
Jiyva

Shops:
D:1 ([   Orc:2 *?*:(

Annotations:
D:14 exclusion: 2 meliai
Lair:5 2 transporters, exclusion: ice statue, Thalamas's ghost, journeyman MiBe

# #.# # #.# #
#.# #.# #.#
######.#
.....#.#
########
.###y#.#
#....y.# .#
#.####.####@#
... ..)>..y.#
#.#
####.....####
#.# ####....#
#.########
.....#.
#........#
######
#..#####.#
#..# #.#
##+## #..#
#.# ##...##
##.# #.#


You could see a meliai.


Message History

The meliai is healed somewhat.
Casting: Iskenderun's Mystic Blast (safe; 1% risk of failure)
Confirm with . or Enter, or press ? or * to list all spells.
Casting: Flame Wave (safe; 1% risk of failure)
Press: ? - help, Dir - look around, f - activate A wave of flame ripples out!
The flame wave engulfs the meliai.
The meliai is severely wounded. (Press . to intensify the flame waves.)
You block the meliai's attack.
The meliai stings you but does no damage.
The meliai mumbles some strange prayers to its god against you.
Something smites you!
* * * LOW HITPOINT WARNING * * *
Your body deteriorates!
You feel dopey.
Unknown command.
A wave of flame ripples out!
The flame wave engulfs the meliai!
You kill the meliai!
Vehumet accepts your kill.
You feel your power returning.
The flame wave engulfs the meliai!
The meliai is severely wounded.
The meliai calls down the wrath of its god upon you.
Something smites you!
* * * LOW HITPOINT WARNING * * *
Your body deteriorates!
You feel dopey.
Unknown command.
A wave of flame ripples out!
The flame wave engulfs the meliai!
The meliai is almost dead.
The meliai mumbles some strange prayers to its god against you.
Something smites you!
You die...

Skill      XL: |  1  2  3  4  5  6  7  8  9 10 11 12 13 14 15 |
---------------+----------------------------------------------+-----
Conjurations   | 6 7 8 9 11 13 14 15 16 17 | 17.3
Dodging        | 3 4 5 8 10 12 14 | 14.8
Spellcasting   | 4 6 9 10 | 10.0
Evocations     | 1 4 5 6 7 8 9 |  9.7
Translocations | 3 4 |  4.0
Fighting       | 1 5 6 7 9 |  9.0
Fire Magic     | 3 5 6 7 8 |  8.6
Stealth        | 3 5 7 |  7.2
Shields        | 4 |  4.0

Action                   |  1- 3 |  4- 6 |  7- 9 | 10-12 | 13-15 || total
-------------------------+-------+-------+-------+-------+-------++-------
Melee: Unarmed           |     1 |       |       |       |       ||     1
       Whip              |       |     7 |    11 |     7 |       ||    25
       Kick              |       |     5 |     4 |     9 |     6 ||    24
       Peck              |       |     2 |       |     4 |     2 ||     8
       Staff             |       |       |       |     6 |     3 ||     9
       Dagger            |       |       |       |       |     3 ||     3
 Cast: Magic Dart        |    65 |    85 |   167 |   208 |   183 ||   708
       Searing Ray       |     2 |    10 |    42 |   131 |    95 ||   280
       Dazzling Flash    |       |       |     5 |    48 |    20 ||    73
       Iskenderun's Myst |       |       |     2 |    10 |    28 ||    40
       Flame Wave        |       |       |     2 |    19 |    36 ||    57
       Static Discharge  |       |       |       |    31 |    39 ||    70
       Sticky Flame      |       |       |       |    20 |    47 ||    67
       Orb of Destructio |       |       |       |       |   147 ||   147
       Iskenderun's Batt |       |       |       |       |    80 ||    80
Evoke: Wand              |       |     3 |     2 |    16 |    11 ||    32
       Lightning rod     |       |       |       |       |    10 ||    10
  Use: Scroll            |       |     4 |     7 |    10 |    11 ||    32
       Potion            |       |       |     4 |     3 |     6 ||    13
Armor: Robe              |     5 |     1 |     5 |    38 |    75 ||   124
Dodge: Dodged            |    10 |    23 |    64 |   284 |   526 ||   907
Block: Buckler           |       |       |       |       |    11 ||    11

Levels and vault maps discovered:
D:1:      erik_arrival_triangle_small, layout_basic, serial_shops,
          nicolae_shop_stone, nicolae_diamond_shop
D:2:      layout_loops_corners, basic_altar, kennysheep_generic_room_3,
          uniq_jessica, uniq_terence, uniq_natasha
D:3:      layout_loops_ring, overflow_temple_1_default,
          dreamdust_ecumenical_altar_hidden_monk_grotto,
          gammafunk_ghost_necromancy, chequers_serial_rivers_marsh
D:4:      layout_loops_corners, trog_wizard,
          mainiacjoe_overflow_surrounded_room, temple_pool_b, uniq_sigmund
D:5:      layout_basic, nicolae_tso_besieged_by_evil, minivault_5, uniq_pikel
D:6:      layout_basic, uniq_maggie, uniq_menkaure, uniq_grinder
D:7:      layout_basic, gammafunk_temple_overflow_forgotten,
          mainiacjoe_overflow_brackets
D:8:      layout_basic, mainiacjoe_overflow_catwalk,
          chequers_serial_rivers_small_3, minivault_14, uniq_erica
D:9:      layout_roguey, minmay_chambers_of_fives
D:10:     layout_small_grid, uniq_sonja
D:11:     layout_irregular_city, erik_lair_orcish_takeover, hiddenorc1_lemuel,
          small_statue_intersection
D:12:     layout_basic
D:13:     layout_long_grid, david_vaults_4
D:14:     layout_loops_corners
Temple:   cyrus_circular_temple
Lair:1:   layout_chaotic_city, lemuel_oklob_altar, uniq_fannar, uniq_gastronok
Lair:2:   layout_layer_cave, grunt_megastairs_4
Lair:3:   cheibrodos_lair_river_kwai, layout_regular_city,
          elwin_shoals_entry_rocks, nicolae_spider_entry_orb_guardian,
          serial_bayou_shore_a
Lair:4:   layout_misc_corridors, nicolae_lair_run_with_the_wolves, uniq_nessos
Lair:5:   guppyfry_lair_end_dragon, layout_layer_cave, dpeg_slime_entry_corner,
          nicolae_volcano_entry_two_sided, nzn_ghost_randoct,
          grunt_megastairs_2, serial_bayou_shore_b, infiniplex_staircase_pool,
          serial_bayou_shore_b, lemuel_fruit_tree
Orc:1:    layout_caves
Orc:2:    st_orc_rangers, layout_diamond_mine, serial_shops, shop

Notes
Turn   | Place    | Note
-------+----------+-------------------------------------------
     0 | D:1      | quinnr the Tengu Conjurer began the quest for the Orb.
     0 | D:1      | Reached XP level 1. HP: 10/10 MP: 4/4
   146 | D:1      | Reached XP level 2. HP: 15/15 MP: 0/6
   208 | D:1      | Reached skill level 6 in Conjurations
   243 | D:1      | Learned a level 2 spell: Searing Ray
   541 | D:1      | Reached XP level 3. HP: 19/19 MP: 2/7
  1002 | D:1      | Found Dufe's Armour Boutique.
  1074 | D:1      | Found Ezich's Weapon Shop.
  1190 | D:2      | Found a white marble altar of Elyvilon.
  1197 | D:2      | Identified a scarf of resistance
  1242 | D:2      | Learned a level 3 spell: Dazzling Flash
  1248 | D:2      | Reached skill level 7 in Conjurations
  1317 | D:2      | Noticed Natasha
  1321 | D:2      | Killed Natasha
  1322 | D:2      | Reached XP level 4. HP: 15/24 MP: 2/8
  1654 | D:2      | Noticed Natasha
  1658 | D:2      | Killed Natasha
  1659 | D:2      | Reached skill level 3 in Dodging
  1988 | D:2      | Gained mutation: Your magical nature lets you fly swiftly
                  | and evasively. [Tengu growth]
  1988 | D:2      | Reached XP level 5. HP: 28/28 MP: 6/9
  2169 | D:2      | Noticed Jessica
  2184 | D:2      | Killed Jessica
  2286 | D:2      | Noticed Terence
  2296 | D:2      | Reached skill level 8 in Conjurations
  2601 | D:1      | Found Dufe's Armour Boutique.
  2637 | D:1      | Found Ezich's Weapon Shop.
  2786 | D:1      | Killed Terence
  2787 | D:1      | Reached skill level 4 in Dodging
  3092 | D:2      | Noticed Natasha
  3104 | D:2      | Killed Natasha
  3105 | D:2      | Reached XP level 6. HP: 29/32 MP: 5/10
  3885 | D:3      | Found a hazy altar of Hepliaklqana.
  4143 | D:3      | Found a runed translucent gate.
  4143 | D:3      | Found a runed translucent gate.
  4144 | D:3      | Found a runed translucent gate.
  4147 | D:3      | Noticed pacmanke6689's ghost (amateur DrFi)
  4189 | D:3      | Found a faded altar of an unknown god.
  4608 | D:4      | Found a staircase to the Ecumenical Temple.
  4635 | Temple   | Entered the Ecumenical Temple
  4670 | Temple   | Became a worshipper of Vehumet
  4727 | D:4      | Reached XP level 7. HP: 27/36 MP: 1/12
  4860 | D:4      | Gained mutation: You are occasionally teleported next to
                  | monsters. [potion of mutation]
  4860 | D:4      | Gained mutation: You expend magic power (3 MP) to
                  | strengthen your wands. [potion of mutation]
  4860 | D:4      | Gained mutation: You are covered in fur. (AC +1) [potion of
                  | mutation]
  4861 | D:4      | Lost mutation: You are covered in fur. (AC +1) [potion of
                  | mutation]
  4861 | D:4      | Lost mutation: You expend magic power (3 MP) to strengthen
                  | your wands. [potion of mutation]
  4861 | D:4      | Gained mutation: Your flesh is cold resistant. (rC+)
                  | [potion of mutation]
  4862 | D:4      | Lost mutation: You are occasionally teleported next to
                  | monsters. [potion of mutation]
  4862 | D:4      | Lost mutation: Your flesh is cold resistant. (rC+) [potion
                  | of mutation]
  4862 | D:4      | Gained mutation: You occasionally shout uncontrollably at
                  | your foes. [potion of mutation]
  4862 | D:4      | Gained mutation: Armour fits poorly on your strangely
                  | shaped body. [potion of mutation]
  4862 | D:4      | Gained mutation: Your muscles are strong. (Str +4, Int/Dex
                  | -1) [potion of mutation]
  4886 | D:4      | Found a bloodstained altar of Trog.
  4969 | D:4      | Noticed Sigmund
  4984 | D:4      | Killed Sigmund
  4985 | D:4      | Reached skill level 5 in Dodging
  4985 | D:4      | Reached skill level 3 in Spellcasting
  4985 | D:4      | Reached skill level 9 in Conjurations
  5238 | D:4      | Found a sacrificial altar of Ru.
  5337 | D:4      | Noticed a wizard
  5339 | D:4      | Killed a wizard
  5952 | D:5      | Entered Level 5 of the Dungeon
  6261 | D:5      | Learned a level 4 spell: Iskenderun's Mystic Blast
  6396 | D:5      | Found a glowing golden altar of the Shining One.
  6589 | D:5      | Reached * piety under Vehumet
  6589 | D:5      | Offered knowledge of Freeze by Vehumet.
  6938 | D:5      | Reached skill level 1 in Evocations
  7282 | D:5      | Reached skill level 4 in Spellcasting
  7282 | D:5      | Reached XP level 8. HP: 41/41 MP: 11/15
  7286 | D:5      | Reached skill level 1 in Translocations
  7547 | D:5      | Reached skill level 2 in Evocations
  7828 | D:5      | Noticed Pikel
  7909 | D:5      | Reached skill level 10 in Conjurations
  7909 | D:5      | Killed Pikel
  7910 | D:5      | Reached skill level 2 in Translocations
  7910 | D:5      | Reached skill level 3 in Evocations
  8103 | D:6      | Noticed Maggie
  8103 | D:6      | Noticed Grinder
  8195 | D:3      | Killed pacmanke6689's ghost
  8196 | D:3      | Reached skill level 3 in Translocations
  8498 | D:6      | Reached skill level 11 in Conjurations
  8498 | D:6      | Reached skill level 4 in Evocations
  8498 | D:6      | Reached XP level 9. HP: 45/45 MP: 11/16
  8585 | D:6      | Noticed Menkaure
  9181 | D:6      | Offered knowledge of Static Discharge by Vehumet.
  9185 | D:6      | Learned a level 2 spell: Static Discharge
  9343 | D:6      | Killed Grinder
  9343 | D:6      | Reached ** piety under Vehumet
  9344 | D:6      | Reached skill level 4 in Translocations
  9344 | D:6      | Reached skill level 5 in Evocations
  9469 | D:6      | Reached skill level 12 in Conjurations
  9717 | D:6      | Killed Maggie
  9901 | D:6      | Learned a level 4 spell: Flame Wave
 10058 | D:7      | Reached skill level 13 in Conjurations
 10423 | D:6      | Reached skill level 1 in Fighting
 10617 | D:6      | Killed Menkaure
 11254 | D:7      | Reached XP level 10. HP: 17/53 MP: 11/17
 11530 | D:7      | Reached skill level 2 in Fighting
 12192 | D:7      | Reached skill level 6 in Dodging
 13152 | D:8      | Offered knowledge of Poisonous Vapours by Vehumet.
 13380 | D:8      | Found an ancient bone altar of Kikubaaqudgha.
 13673 | D:8      | Noticed Erica
 13994 | D:8      | Reached skill level 3 in Fighting
 13994 | D:8      | Reached skill level 5 in Spellcasting
 14473 | D:8      | Killed Erica
 14493 | D:8      | Reached *** piety under Vehumet
 14710 | D:8      | Reached skill level 14 in Conjurations
 15096 | D:7      | Found a shadowy altar of Dithmenos.
 15119 | D:7      | Found a shimmering blue altar of Sif Muna.
 15119 | D:7      | Found a white marble altar of Elyvilon.
 15119 | D:7      | Found a stormy altar of Qazlal.
 15280 | D:9      | Noticed a two-headed ogre
 15494 | D:8      | Killed a two-headed ogre
 15495 | D:8      | Reached skill level 4 in Fighting
 15495 | D:8      | Reached skill level 7 in Dodging
 15603 | D:9      | Identified a potion of resistance
 15607 | D:9      | Noticed a two-headed ogre
 16235 | D:9      | Reached skill level 6 in Spellcasting
 16551 | D:9      | Reached skill level 5 in Fighting
 16598 | D:9      | Noticed a two-headed ogre
 16850 | D:8      | Killed a two-headed ogre
 16851 | D:8      | Reached skill level 8 in Dodging
 16851 | D:8      | Reached XP level 11. HP: 21/63 MP: 19/21
 17119 | D:9      | Killed a two-headed ogre
 17120 | D:9      | Reached skill level 9 in Dodging
 17217 | D:9      | Offered knowledge of Frozen Ramparts by Vehumet.
 17845 | D:10     | Entered Level 10 of the Dungeon
 17845 | D:10     | Noticed Sonja
 17850 | D:10     | Killed Sonja
 17851 | D:10     | Reached skill level 10 in Dodging
 18486 | D:10     | Reached **** piety under Vehumet
 18928 | D:10     | Offered knowledge of Sticky Flame by Vehumet.
 18966 | D:10     | Learned a level 4 spell: Sticky Flame
 19065 | D:10     | Identified the +1 chain mail "Jywaus" {rN+ Regen+ Int-5}
 19572 | D:11     | Noticed a boulder beetle
 19584 | D:11     | Killed a boulder beetle
 19585 | D:11     | Reached skill level 1 in Fire Magic
 19585 | D:11     | Reached skill level 6 in Evocations
 19789 | D:11     | Noticed a boulder beetle
 19859 | D:11     | Noticed a two-headed ogre
 19864 | D:11     | Reached skill level 6 in Fighting
 19912 | D:11     | Killed a two-headed ogre
 19913 | D:11     | Reached skill level 2 in Fire Magic
 20025 | D:11     | Identified the +12 spear "Cap Cuff" {flame, *Noise rPois
                  | Int-4 Dex+9}
 20647 | D:11     | Found a staircase to the Lair.
 20810 | D:11     | Noticed a two-headed ogre
 20835 | D:11     | Killed a two-headed ogre
 20836 | D:11     | Reached skill level 3 in Stealth
 21052 | D:11     | Reached skill level 3 in Fire Magic
 21052 | D:11     | Reached XP level 12. HP: 66/71 MP: 16/22
 21237 | D:11     | Found a staircase to the Orcish Mines.
 21610 | D:11     | a boulder beetle changed into an orb spider
 21723 | Lair:1   | Entered Level 1 of the Lair of Beasts
 21796 | Lair:1   | Reached skill level 15 in Conjurations
 21858 | Lair:1   | Noticed Fannar
 21878 | Lair:1   | Noticed Gastronok
 22226 | Lair:1   | Found a burning altar of Makhleb.
 22913 | D:11     | Reached skill level 4 in Stealth
 23422 | Lair:1   | Reached skill level 4 in Fire Magic
 23422 | Lair:1   | Reached skill level 7 in Evocations
 23752 | Lair:1   | Reached skill level 7 in Fighting
 23934 | D:11     | Killed Fannar
 24249 | D:11     | Killed Gastronok
 24417 | Lair:1   | Identified the +7 chain mail "Oliorin" {rF+}
 24673 | Lair:1   | Reached skill level 5 in Stealth
 25247 | Lair:2   | Noticed an eight-headed hydra
 25343 | Lair:1   | Killed an eight-headed hydra
 25344 | Lair:1   | Reached skill level 5 in Fire Magic
 26280 | Lair:2   | Reached ***** piety under Vehumet
 26712 | Lair:2   | Reached XP level 13. HP: 74/78 MP: 15/23
 26833 | Lair:2   | Reached skill level 8 in Evocations
 26853 | Lair:2   | Offered knowledge of Olgreb's Toxic Radiance by Vehumet.
 26854 | Lair:2   | Reached skill level 8 in Fighting
 26873 | Lair:2   | Reached skill level 6 in Fire Magic
 27252 | Lair:2   | Reached skill level 16 in Conjurations
 27752 | Lair:3   | Reached skill level 7 in Spellcasting
 28537 | Lair:3   | Found a staircase to the Shoals.
 28589 | Lair:3   | Found a hole to the Spider Nest.
 28870 | Lair:3   | Reached skill level 11 in Dodging
 29850 | D:1      | Bought the +6 dagger of Woimock {protect, rPois} for 436
                  | gold pieces
 30370 | Lair:3   | Reached skill level 9 in Fighting
 30753 | Lair:5   | Entered Level 5 of the Lair of Beasts
 31042 | Lair:5   | Found a dark tunnel.
 31053 | Volcano  | Entered a volcano
 31169 | Volcano  | Reached skill level 8 in Spellcasting
 31341 | Volcano  | Learned a level 7 spell: Orb of Destruction
 31958 | Lair:5   | Reached skill level 12 in Dodging
 33201 | Lair:3   | Reached skill level 9 in Spellcasting
 33293 | Lair:4   | Noticed Nessos
 33301 | Lair:4   | Killed Nessos
 33302 | Lair:4   | Reached XP level 14. HP: 69/86 MP: 12/28
 33952 | Lair:4   | Lost mutation: Your muscles are strong. (Str +4, Int/Dex
                  | -1) [potion of mutation]
 33952 | Lair:4   | Lost mutation: You occasionally shout uncontrollably at
                  | your foes. [potion of mutation]
 33952 | Lair:4   | Gained mutation: You occasionally lose the ability to drink
                  | potions when taking damage. [potion of mutation]
 33952 | Lair:4   | Gained mutation: You occasionally shout uncontrollably at
                  | your foes. [potion of mutation]
 33952 | Lair:4   | Gained mutation: You are robust. (+10% HP) [potion of
                  | mutation]
 33953 | Lair:4   | Lost mutation: You occasionally lose the ability to drink
                  | potions when taking damage. [potion of mutation]
 33953 | Lair:4   | Lost mutation: You occasionally shout uncontrollably at
                  | your foes. [potion of mutation]
 33953 | Lair:4   | Gained mutation: Your body sometimes deteriorates upon
                  | taking damage. [potion of mutation]
 33953 | Lair:4   | Gained mutation: You have hidden genetic potential. [potion
                  | of mutation]
 33953 | Lair:4   | Lost mutation: You are robust. (+10% HP) [potion of
                  | mutation]
 33953 | Lair:4   | Gained mutation: You are partially covered in iridescent
                  | scales. (AC +2) [potion of mutation]
 34007 | Lair:4   | Lost mutation: You are partially covered in iridescent
                  | scales. (AC +2) [potion of mutation]
 34007 | Lair:4   | Lost mutation: Armour fits poorly on your strangely shaped
                  | body. [potion of mutation]
 34007 | Lair:4   | Gained mutation: You have a pair of small antennae on your
                  | head. [potion of mutation]
 34007 | Lair:4   | Gained mutation: Your body often deteriorates upon taking
                  | damage. [potion of mutation]
 34007 | Lair:4   | Gained mutation: You have great hidden genetic potential.
                  | [potion of mutation]
 34156 | Lair:4   | Reached skill level 13 in Dodging
 35729 | Lair:5   | Noticed a dire elephant
 35795 | Lair:5   | Found a transporter.
 35871 | Lair:5   | Found a transporter.
 35978 | Lair:5   | Learned a level 5 spell: Iskenderun's Battlesphere
 36150 | Lair:5   | Reached skill level 10 in Spellcasting
 36355 | Lair:5   | Offered knowledge of Ozocubu's Refrigeration by Vehumet.
 36581 | Lair:5   | Reached skill level 1 in Shields
 37020 | Lair:5   | Found a viscous altar of Jiyva.
 37024 | Lair:5   | Found a staircase to the Slime Pits.
 37028 | Lair:5   | Reached skill level 14 in Dodging
 37028 | Lair:5   | Reached skill level 2 in Shields
 37415 | Lair:5   | Reached skill level 3 in Shields
 37811 | Lair:5   | Reached skill level 4 in Shields
 38243 | Lair:5   | Noticed Thalamas's ghost (journeyman MiBe)
 38396 | Orc:1    | Entered Level 1 of the Orcish Mines
 40589 | Orc:2    | Entered Level 2 of the Orcish Mines
 41187 | Orc:2    | Found Jaoteudo's Antique Weapon Shoppe.
 41443 | Orc:2    | Reached skill level 7 in Fire Magic
 41811 | Orc:2    | Found a staircase to the Elven Halls.
 42292 | Orc:2    | Offered knowledge of Conjure Ball Lightning by Vehumet.
 43230 | Orc:2    | Reached XP level 15. HP: 90/90 MP: 30/30
 43233 | Orc:2    | Found Sishralol's Magic Scroll Boutique.
 43233 | Orc:2    | Found Inuapniq's Assorted Antiques.
 43233 | Orc:2    | Found Lavvas's Book Shoppe.
 43236 | Orc:2    | Found Xooja's Assorted Antiques.
 43248 | Orc:2    | Bought a scroll labelled MEMIWI BUTU for 24 gold pieces
 43248 | Orc:2    | Bought a scroll labelled ERAWEZ LEAFAI for 24 gold pieces
 43406 | Orc:2    | Bought a scroll of teleportation for 48 gold pieces
 43406 | Orc:2    | Bought a scroll of enchant weapon for 120 gold pieces
 43406 | Orc:2    | Bought a scroll of teleportation for 48 gold pieces
 43406 | Orc:2    | Bought a scroll of blinking for 120 gold pieces
 43406 | Orc:2    | Bought a scroll of teleportation for 48 gold pieces
 43406 | Orc:2    | Bought a scroll of teleportation for 48 gold pieces
 43406 | Orc:2    | Bought a scroll of butterflies for 64 gold pieces
 44019 | D:12     | Gained mutation: Your muscles are strong. (Str +4, Int/Dex
                  | -1) [hidden potential]
 44378 | D:12     | Reached skill level 6 in Stealth
 44598 | D:12     | Reached skill level 9 in Evocations
 45086 | D:13     | Identified the ring "Teraplud" {rPois EV+4 Str+3 Dex-5}
 46118 | D:13     | Reached skill level 8 in Fire Magic
 46279 | D:13     | Reached skill level 17 in Conjurations
 47221 | D:13     | Found a gate to the Vaults.
 47636 | D:14     | Identified the amulet of Irchevo {Faith rF+ rN+ Will+}
 47975 | D:14     | Reached skill level 7 in Stealth
 48277 | D:13     | HP: 9/90 [white ugly thing (16)]
 49414 | D:14     | Offered knowledge of Lightning Bolt by Vehumet.
 49954 | D:14     | Killed from afar by a meliai

Vanquished Creatures
  Gastronok (D:11)
  Nessos (Lair:4)
  2 fire dragons
  An ettin (Orc:1)
  Fannar (D:11)
  2 boulder beetles
  4 hydras
  7 two-headed ogres
  5 centaur warriors
  Erica (D:8)
  A tengu warrior (D:13)
  2 death yaks (Lair:2)
  An orc high priest (Orc:1)
  Sonja (D:10)
  5 skeletal warriors
  2 orb spiders
  A swamp dragon (Lair:5)
  Pikel (D:5)
  A deep elf pyromancer (D:14)
  A wolf spider (Lair:4)
  An orc sorcerer (Orc:2)
  4 orc knights
  9 ugly things
  2 manticores
  2 oklob plants
  29 elephants
  3 black mambas
  A torpor snail (Lair:3)
  Maggie (D:6)
  A gargoyle (D:14)
  7 cane toads
  A tengu conjurer (D:13)
  2 efreet (D:14)
  6 komodo dragons
  2 kobold demonologists (D:12)
  6 rime drakes
  8 trolls
  2 meliai (D:14)
  Grinder (D:6)
  A wind drake (shapeshifter) (D:14)
  10 dream sheep
  5 slime creatures (D:14)
  7 blink frogs
  3 shadows
  A vampire (D:11)
  Sigmund (D:4)
  A culicivora (shapeshifter) (D:12)
  A centaur simulacrum (D:14)
  36 yaks
  3 wraiths
  4 wyverns
  2 steam dragons
  4 vampire mosquitoes (D:12)
  4 basilisks (Lair:5)
  Menkaure (D:6)
  8 wargs
  A naga (D:7)
  6 acid dragons
  13 water moccasins
  4 sky beasts
  A swamp drake (Lair:5)
  An ice beast (D:6)
  38 orc warriors
  The ghost of pacmanke6689 the Trooper, an amateur DrFi (D:3)
  2 black bears
  4 ogres
  24 wolves
  12 centaurs
  A phantom (D:5)
  A lemure (D:5)
  8 kobold brigands
  12 bullfrogs
  A gnoll sergeant (D:5)
  3 scorpions
  A necrophage (D:4)
  4 killer bees (D:10)
  9 electric eels
  5 howler monkeys
  2 bullfrog zombies (D:3)
  4 hounds
  2 gnoll boudas
  13 orc priests
  Jessica (D:2)
  8 iguanas
  Natasha (thrice) (D:2)
  Terence (D:1)
  6 hell rats (Lair:5)
  26 orc wizards
  23 gnolls
  10 adders
  4 white imps
  An ufetubus (D:4)
  2 worms
  2 dart slugs (D:2)
  109 orcs
  9 bats
  13 endoplasms
  2 giant cockroaches
  6 goblins
  3 hobgoblins
  5 jackals (D:1)
  3 quokkas
  9 ball pythons
  6 frilled lizards
  3 hobgoblin zombies (D:5)
  25 kobolds
  A kobold skeleton (D:5)
  4 kobold zombies (D:5)
  3 orc skeletons (D:5)
  6 rats
688 creatures vanquished.

Vanquished Creatures (others)
  A wizard (D:4)
  An orc warrior (D:8)
  65 fungi
  83 plants
150 creatures vanquished.

Grand Total: 838 creatures vanquished

Table legend: (Time is in decaauts)
 A = Elapsed time spent in this place.
 B = Non-inter-level travel time spent in this place.
 C = Inter-level travel time spent in this place.
 D = Time resting spent in this place.
 E = Time spent auto-exploring this place.
 F = Levels seen in this place.
 G = Mean time per level.
                   A        B        C        D        E       F      G
               +--------+--------+--------+--------+--------+-----+--------+
         Total |  48285 |  45682 |   2603 |  14536 |  23963 |  23 | 2099.3 |
       Dungeon |  30231 |  28325 |   1906 |   8651 |  15344 |  14 | 2159.4 |
        Temple |     45 |     32 |     13 |      0 |     19 |   1 |   45.0 |
          Lair |  13791 |  13262 |    529 |   3862 |   7267 |   5 | 2758.2 |
  Orcish Mines |   3389 |   3235 |    154 |   1322 |   1271 |   2 | 1694.5 |
       Volcano |    826 |    826 |      0 |    701 |     60 |   1 |  826.0 |
               +--------+--------+--------+--------+--------+-----+--------+

Top non-repeatable levels by time:
    D:11: 4898 daAuts
  Lair:3: 4003 daAuts
  Lair:5: 2923 daAuts
     D:7: 2854 daAuts
     D:8: 2695 daAuts
     D:6: 2622 daAuts
  Lair:1: 2498 daAuts
  Lair:2: 2363 daAuts
     D:5: 2325 daAuts
    D:13: 2226 daAuts
   Orc:1: 2154 daAuts
  Lair:4: 2001 daAuts
     D:1: 1930 daAuts
     D:4: 1777 daAuts
    D:14: 1741 daAuts

Table legend:
 A = Non-vault XP
 B = Vault XP
 C = Vault XP percentage of total XP
 D = Non-vault monster count
 E = Vault monster count
 F = Vault count percentage of total count
                 A         B        C        D         E       F
            +---------+---------+-------+---------+---------+-------
      Total |   85333 |   27958 |  24.7 |     538 |     150 |  21.8
            +---------+---------+-------+---------+---------+-------
        D:1 |      49 |      36 |  42.4 |      29 |       1 |   3.3
        D:2 |     185 |      75 |  28.8 |      20 |       3 |  13.0
        D:3 |      90 |     216 |  70.6 |      21 |       3 |  12.5
        D:4 |     297 |     214 |  41.9 |      17 |       1 |   5.6
        D:5 |     437 |     694 |  61.4 |      21 |      13 |  38.2
        D:6 |    1059 |     875 |  45.2 |      21 |       3 |  12.5
        D:7 |    1448 |       0 |   0.0 |      40 |       0 |   0.0
        D:8 |    2450 |    1663 |  40.4 |      40 |       2 |   4.8
        D:9 |    1772 |     563 |  24.1 |      25 |       4 |  13.8
       D:10 |    1658 |     941 |  36.2 |      20 |       2 |   9.1
       D:11 |    6306 |    2992 |  32.2 |      27 |      26 |  49.1
       D:12 |    6740 |       0 |   0.0 |      24 |       0 |   0.0
       D:13 |    9641 |     905 |   8.6 |      18 |       1 |   5.3
       D:14 |    9138 |       0 |   0.0 |      21 |       0 |   0.0
     Lair:1 |    3530 |     520 |  12.8 |      11 |       1 |   8.3
     Lair:2 |    8395 |    1078 |  11.4 |      34 |       5 |  12.8
     Lair:3 |    7326 |    3940 |  35.0 |      26 |      15 |  36.6
     Lair:4 |    6738 |    2125 |  24.0 |      24 |       3 |  11.1
     Lair:5 |    9697 |    6091 |  38.6 |      36 |      28 |  43.8
      Orc:1 |    4842 |       0 |   0.0 |      36 |       0 |   0.0
      Orc:2 |    3535 |    4487 |  55.9 |      27 |      38 |  58.5
    Volcano |       0 |     543 | 100.0 |       0 |       1 | 100.0
            +---------+---------+-------+---------+---------+-------
